 Dungeon Crawl Stone Soup version 0.17-a0-913-g36eb389 (webtiles) character file.

10694 Lathuz the Cleaver (level 11, -11/105 HPs)
             Began as a Minotaur Berserker on May 3, 2015.
             Was a High Priest of Trog.
             Killed from afar by an ancient lich (25 damage)
             ... with a crystal spear
             ... on level 2 of the Abyss.
             The game lasted 00:39:51 (10490 turns).

Lathuz the Cleaver (Minotaur Berserker)            Turns: 10490, Time: 00:39:51

Health: -11/105    AC: 26    Str: 23    XL:     11   Next: 39%
Magic:  10/10      EV:  8    Int: 11    God:    Trog [*****.]
Gold:   621        SH:  0    Dex: 12    Spells: 0 memorised, 10 levels left

rFire  + . .     SeeInvis .     b - +3 battleaxe (elec)
rCold  . . .     Clarity  .     y - +1 plate armour
rNeg   . . .     SustAb   .     (no shield)
rPois  .         Gourm    .     (helmet restricted)
rElec  .         Spirit   .     A - +5 cloak "Evicexi" {Int+7}
rCorr  +         Warding  .     S - +1 pair of gloves
rMut   .         Stasis   .     (no boots)
MR     .....                    F - amulet of resist corrosion
Stlth  ..........               M - +1 ring of protection
                                v - ring of protection from fire

@: exhausted, slowed, very slow, not resistant to hostile enchantments,
extremely unstealthy
A: retaliatory headbutt, horns 2, blurry vision 1, subdued magic 1
a: Burn Spellbooks, Berserk, Trog's Hand, Brothers in Arms, Renounce Religion


You were on level 2 of the Abyss.
You worshipped Trog.
Trog was extremely pleased with you.
You were not hungry.

You visited 1 branch of the dungeon, and saw 10 of its levels.
You visited the Abyss 1 time.
You also visited: Ossuary.

You collected 621 gold pieces.

Inventory:

Hand weapons
 a - a +1 hand axe
 b - a +3 battleaxe of electrocution (weapon)
Armour
 e - a cursed +0 ring mail
 k - a +0 chain mail
 y - a +1 plate armour (worn)
 A - the +5 cloak "Evicexi" (worn) {Int+7}
   (You found it on level 4 of the Dungeon)

   It affects your intelligence (+7).
 S - a +1 pair of gloves (worn)
Jewellery
 v - a ring of protection from fire (left hand)
 x - an uncursed ring of teleportation
 F - an amulet of resist corrosion (around neck)
 M - a +1 ring of protection (right hand)
 N - a +4 ring of dexterity
Magical devices
 w - a wand of flame (28)
 C - a wand of cold (7)
 G - a wand of cold (8)
 I - a wand of slowing (23)
 J - a wand of enslavement (16)
 Q - a wand of fire (14)
Scrolls
 g - a scroll of immolation
 h - 2 scrolls of fear
 i - 8 scrolls of identify
 l - 3 scrolls of remove curse
 n - 2 scrolls of enchant armour
 r - 5 scrolls of teleportation
 s - a scroll of fog
 B - 2 scrolls of blinking
 D - a scroll of enchant weapon
 K - 2 scrolls of vulnerability {unknown}
Potions
 d - 2 potions of mutation {unknown}
 m - 3 potions of brilliance
 o - a potion of lignification {unknown}
 q - 3 potions of haste {unknown}
 t - 2 potions of resistance {unknown}
 u - 5 potions of heal wounds {unknown}
 z - a potion of degeneration {unknown}
 E - 2 potions of curing {unknown}
 H - a potion of cancellation {unknown}
 R - a potion of ambrosia {unknown}
Comestibles
 c - 9 bread rations
 f - 4 meat rations
 j - 3 slices of pizza
 p - 8 fruits


   Skills:
 * Level 12.7 Fighting
 + Level 12.7 Axes
 * Level 12.3 Armour
 - Level 2.1 Dodging


You had 10 spell levels left.
You didn't know any spells.

Dungeon Overview and Level Annotations

Branches:
Dungeon (10/15)            Temple (0/1) D:5             Orc (0/4) D:10
   Lair: D:8-11

Altars:
Cheibriados
Dithmenos
Fedhas
Gozag
Kikubaaqudgha
Nemelex Xobeh
Ru
Sif Muna
Trog
Vehumet
Xom
Yredelemnul
The Shining One

Shops:
D:10 [

Annotations:
D:10 Erolcha


Innate Abilities, Weirdness & Mutations

You reflexively headbutt those who attack you in melee.
You have a pair of horns on your head.
Scrolls take you a little longer to read.
Your spells are a little easier to cast, but a little less powerful.


Message History

The crystal spear misses you.
The ancient lich gestures at you while chanting.
Your body is wracked with pain!
* * * LOW HITPOINT WARNING * * *
You closely miss the ancient lich.
You headbutt the ancient lich, but do no damage.
The ancient lich touches you but does no damage. x2
You hit the ancient lich but do no damage.
You headbutt the ancient lich, but do no damage.
The ancient lich casts a spell.
You hit the ancient lich but do no damage.
You slice the hellion!!
There is a sudden explosion of sparks!
The hellion is severely wounded.
The ancient lich touches you.
* * * LOW HITPOINT WARNING * * *
The hellion hits you.
* * * LOW HITPOINT WARNING * * *
The ancient lich casts a spell at you. The crystal spear hits you!
You die...

# .# . #.####..#
.# ####.#.....#
.....##.##.#
##.....#.#
#...#.##.. # # . .
#. .....#...# .
.#.
#..##.##.###.###.#
. #...L@...#.#...
#..##..#2#.....#
#...##....# .###
... ....#..## # .
#..#.## #.#.....#
#.#.... ...# ..
_...# # # #....#


You could see an ancient lich and a hellion.

Vanquished Creatures
  A balrug (Abyss:2)
  A quicksilver dragon skeleton (Abyss:2)
  Erica (D:9)
  An unseen horror (D:10)
  Pikel (D:7)
  A shining eye (Abyss:2)
  The ghost of MordorOrchid the Ruffian, an experienced VSMo (Ossuary)
  A troll (D:10)
  A yak (D:9)
  A deep elf mage (D:10)
  A ynoxinul (Abyss:2)
  A neqoxec (Abyss:1)
  A crocodile (D:7)
  A hungry ghost (D:10)
  2 water moccasins
  2 ice beasts
  A wasp (D:7)
  3 phantoms
  7 orc warriors
  6 ogres
  A slave (D:7)
  A sky beast (D:10)
  4 centaurs
  3 necrophages
  A big kobold (D:10)
  Blork the orc (D:4)
  8 giant frogs
  3 scorpions
  2 wyvern skeletons (D:9)
  An electric eel (D:8)
  A quasit (D:7)
  8 crimson imps
  3 centaur zombies
  A giant frog zombie (D:8)
  2 hounds
  7 jellies
  3 orc priests
  Crazy Yiuf (D:7)
  3 iguanas
  A giant frog skeleton (D:5)
  An iron imp (Abyss:1)
  Jessica (D:2)
  9 orc wizards
  7 worker ants
  A hound zombie (D:8)
  2 hound skeletons (D:4)
  4 mummies (Ossuary)
  17 adders
  2 shadow imps
  2 ufetubi
  3 oozes
  An adder zombie (D:9)
  An adder skeleton (D:5)
  2 worms
  6 giant geckos
  32 orcs
  12 bats
  A bat skeleton (D:4)
  2 bat zombies (D:5)
  6 giant cockroaches
  17 goblins
  10 hobgoblins
  8 jackals
  19 kobolds
  4 quokkas
  A ball python (D:3)
  A giant gecko skeleton (D:6)
  5 giant newts
  A jackal zombie (D:6)
  A quokka skeleton (D:5)
  20 rats
  2 rat zombies (D:8)
  A ballistomycete (D:9)
  A bush (D:7)
  3 fungi (D:7)
296 creatures vanquished.

Vanquished Creatures (collateral kills)
  4 yaks (D:9)
  A killer bee (D:8)
  A hobgoblin (D:8)
6 creatures vanquished.

Vanquished Creatures (others)
  3 slaves (D:7)
  A worker ant (D:7)
  An ogre (D:9)
  A jelly (D:7)
  A giant spore (D:9)
7 creatures vanquished.

Grand Total: 309 creatures vanquished

Notes
Turn   | Place    | Note
--------------------------------------------------------------
     0 | D:1      | Lathuz, the Minotaur Berserker, began the quest for the Orb.
     0 | D:1      | Reached XP level 1. HP: 19/19 MP: 0/0
   118 | D:1      | Reached skill level 4 in Axes
   153 | D:1      | Reached XP level 2. HP: 24/26 MP: 1/1
   385 | D:1      | Acquired Trog's second power
   650 | D:2      | Found a bloodstained altar of Trog.
   666 | D:2      | Reached skill level 5 in Axes
   666 | D:2      | Reached XP level 3. HP: 31/31 MP: 2/2
   685 | D:2      | Noticed Jessica
   692 | D:2      | Killed Jessica
   894 | D:2      | Reached XP level 4. HP: 39/39 MP: 3/3
   947 | D:2      | Reached skill level 6 in Axes
  1224 | D:2      | Found a sparkling altar of Nemelex Xobeh.
  1811 | D:3      | Reached skill level 7 in Axes
  1811 | D:3      | Reached XP level 5. HP: 45/45 MP: 4/4
  2378 | D:3      | Reached skill level 8 in Axes
  2440 | D:3      | Reached XP level 6. HP: 37/51 MP: 5/5
  2823 | D:4      | Found a blossoming altar of Fedhas.
  2826 | D:4      | Found a basalt altar of Yredelemnul.
  2826 | D:4      | Found a glowing golden altar of the Shining One.
  2838 | D:4      | Found an ancient bone altar of Kikubaaqudgha.
  2838 | D:4      | Found a shadowy altar of Dithmenos.
  2838 | D:4      | Found a shimmering altar of Xom.
  2844 | D:4      | Found a sacrificial altar of Ru.
  2844 | D:4      | Found a snail-covered altar of Cheibriados.
  2990 | D:4      | Noticed Blork the orc
  2999 | D:4      | Killed Blork the orc
  2999 | D:4      | Reached skill level 9 in Axes
  3241 | D:4      | Acquired Trog's third power
  3354 | D:4      | Got a twisted cloak
  3361 | D:4      | Identified the +5 cloak "Evicexi" {Int+7} (You found it on level 4 of the Dungeon)
  3392 | D:4      | Reached XP level 7. HP: 44/57 MP: 6/6
  3521 | D:5      | Entered Level 5 of the Dungeon
  3521 | D:5      | Found a staircase to the Ecumenical Temple.
  3801 | D:5      | Reached skill level 10 in Axes
  4234 | D:5      | Reached skill level 11 in Axes
  4636 | D:6      | Reached XP level 8. HP: 64/66 MP: 7/7
  4688 | D:6      | Found a sparkling altar of Nemelex Xobeh.
  4980 | D:6      | Reached skill level 5 in Fighting
  5113 | D:7      | Found a radiant altar of Vehumet.
  5149 | D:7      | Found a snail-covered altar of Cheibriados.
  5159 | D:7      | Reached skill level 5 in Armour
  5274 | D:7      | Noticed Pikel
  5289 | D:7      | Killed Pikel
  5289 | D:7      | Reached XP level 9. HP: 79/79 MP: 8/8
  6393 | D:7      | Found an opulent altar of Gozag.
  6684 | D:7      | Noticed Crazy Yiuf
  6691 | D:7      | Killed Crazy Yiuf
  7252 | D:8      | Found a sand-covered staircase.
  7261 | Ossuary  | Entered an ossuary
  7295 | Ossuary  | Noticed MordorOrchid's ghost (experienced VSMo)
  7315 | Ossuary  | Killed MordorOrchid's ghost
  7874 | D:8      | Reached XP level 10. HP: 91/93 MP: 9/9
  8133 | D:8      | Reached skill level 10 in Fighting
  8485 | D:9      | Reached skill level 10 in Armour
  8488 | D:9      | Reached skill level 12 in Axes
  8541 | D:9      | Found a sparkling altar of Nemelex Xobeh.
  8870 | D:9      | Noticed Erica
  8883 | D:9      | Killed Erica
  9342 | D:9      | Found a deep blue altar of Sif Muna.
  9403 | D:9      | Identified a scroll of acquirement
  9498 | D:10     | Entered Level 10 of the Dungeon
  9676 | D:10     | Found Uroqy's Armour Shoppe.
  9719 | D:10     | Found a staircase to the Orcish Mines.
  9905 | D:10     | Killed an unseen horror
 10080 | D:10     | Received a gift from Trog
 10159 | D:10     | Reached XP level 11. HP: 99/104 MP: 10/10
 10350 | D:10     | Noticed Erolcha
 10350 | D:10     | Cast into the Abyss (Erolcha)
 10377 | Abyss:1  | Gained mutation: Your spells are a little easier to cast, but a little less powerful. [a neqoxec]
 10418 | Abyss:2  | Found a corrupted altar of Lugonu.
 10430 | Abyss:2  | Found an ancient bone altar of Kikubaaqudgha.
 10441 | Abyss:2  | Found an ancient bone altar of Kikubaaqudgha.
 10448 | Abyss:2  | Gained mutation: Scrolls take you a little longer to read. [a shining eye]
 10466 | Abyss:2  | Noticed a balrug
 10469 | Abyss:2  | Noticed a quicksilver dragon skeleton
 10478 | Abyss:2  | Killed a balrug
 10481 | Abyss:2  | Killed a quicksilver dragon skeleton
 10482 | Abyss:2  | Noticed an ancient lich
 10490 | Abyss:2  | Killed from afar by an ancient lich

Action                   |  1- 3 |  4- 6 |  7- 9 | 10-12 || total
-------------------------+-------+-------+-------+-------++-------
Melee: Hand axe          |    66 |   195 |   550 |   133 ||   944
       Battleaxe         |       |       |       |    97 ||    97
Invok: Berserk           |     1 |     2 |     6 |     6 ||    15
       Burn Spellbooks   |       |       |     2 |       ||     2
       Brothers in Arms  |       |       |     1 |     1 ||     2
  Use: Scroll            |       |       |     6 |    13 ||    19
  Eat: Chunk             |     1 |    10 |    15 |     8 ||    34
       Meat ration       |       |       |     2 |     1 ||     3
